 Dungeon Crawl Stone Soup version 0.21.1-1-g345015f (webtiles) character file.

46 protoss039 the Cudgeler (level 3, -2/24 HPs)
             Began as a Gargoyle Monk on June 8, 2018.
             Slain by an ogre
             ... wielding a +0 giant club
              (17 damage)
             ... on level 2 of the Dungeon.
             The game lasted 00:03:07 (824 turns).

protoss039 the Cudgeler (Gargoyle Monk)              Turns: 824, Time: 00:03:08

Health: -2/24      AC:  7    Str: 14    XL:     3   Next: 66%
Magic:  3/3        EV: 12    Int: 10    God:
Gold:   66         SH:  0    Dex: 13    Spells: 2/2 levels left

rFire    . . .     SeeInvis .   a - +0 mace
rCold    . . .     Gourm    .   (no shield)
rNeg     + . .     Faith    .   k - +0 leather armour
rPois    ∞         Spirit   .   (no helmet)
rElec    +         Reflect  .   m - +0 cloak
rCorr    .         Harm     .   (no gloves)
MR       .....                  (no boots)
Stlth    ++........             (no amulet)
HPRegen  0.08/turn              (no ring)
MPRegen  0.08/turn              (no ring)

@: no status effects
A: negative energy resistance 1, electricity resistance, unbreathing,
petrification resistance, rot immunity, AC +3
a: no special abilities


You were on level 2 of the Dungeon.
You were not hungry.

You visited 1 branch of the dungeon, and saw 2 of its levels.

You collected 66 gold pieces.

Inventory:

Hand Weapons
 a - a +0 mace (weapon)
Armour
 k - a +0 leather armour (worn)
 m - a +0 cloak (worn)
Jewellery
 g - an uncursed ring of positive energy {unknown}
Scrolls
 b - a scroll of enchant armour {unknown}
 e - a scroll of fog {unknown}
 f - a scroll of fear {unknown}
 i - 2 scrolls of blinking {unknown}
 l - a scroll of identify {unknown}
Potions
 h - a potion of magic {unknown}
 j - 3 potions of heal wounds {unknown}
Comestibles
 c - 3 rations
 d - 5 chunks of flesh


   Skills:
 + Level 3.9 Fighting
 * Level 4.1 Maces & Flails
 - Level 2.4 Dodging
 - Level 2.1 Stealth


You had 2 spell levels left.
You didn't know any spells.

Dungeon Overview and Level Annotations

Branches:
Dungeon (2/15)

Altars:
Ru


Innate Abilities, Weirdness & Mutations

You are resistant to torment.
Your stone body is resilient. (AC +3)
You are immune to poison.
You resist negative energy. (rN+)
You are resistant to electric shocks. (rElec)
You can survive without breathing.
You are immune to petrification.
You are immune to rotting.


Message History

You drop a club.
An ogre comes into view. It is wielding a giant club.
An ogre is nearby!
An ogre is nearby!
Found a scroll labeled HASAUKHOPSIZO.
Found a sacrificial altar of Ru.
You enter the shallow water.
Moving in this stuff is going to be slow.
The ogre shouts!
You thump the ogre!
The ogre is moderately wounded.
The ogre closely misses you.
You hit the ogre but do no damage.
The ogre is moderately wounded.
The ogre barely misses you.
You hit the ogre.
The ogre is moderately wounded.
The ogre hits you with a giant club!
Ouch! That really hurt!
You die...

.... .... #. .##. .K.
....###### ... ## ##
.##...#..# .. .#..# .#
#..#..#.## .#..#
.###.....≈..# ....#
........#########...?#
####.....≈..#_.≈@O...#
......#..#.###.#..#..#
###...#..#.....#..#..#
#.######.....#######
#...#...........#..#
#...)...#####......#
#...............####
#################


You could see an ogre.

Vanquished Creatures
  2 adders (D:2)
  A worm (D:2)
  2 leopard geckos
  A giant cockroach (D:1)
  2 goblins
  4 hobgoblins
  3 bats
  3 kobolds
  6 rats
24 creatures vanquished.

Notes
Turn   | Place    | Note
-------+----------+-------------------------------------------
     0 | D:1      | protoss039 the Gargoyle Monk began the quest for the Orb.
     0 | D:1      | Reached XP level 1. HP: 14/14 MP: 1/1
     6 | D:1      | Noticed an anaconda
     6 | D:1      | Noticed a black bear
     6 | D:1      | Noticed a wolf
     7 | D:1      | Noticed a lindwurm
     7 | D:1      | Noticed a redback
    90 | D:1      | Reached XP level 2. HP: 11/19 MP: 2/2
   449 | D:2      | Reached XP level 3. HP: 13/24 MP: 3/3
   755 | D:2      | Reached skill level 4 in Maces & Flails
   817 | D:2      | Noticed an ogre
   819 | D:2      | Found a sacrificial altar of Ru.
   824 | D:2      | Slain by an ogre

Skill      XL: |  1  2  3 |
---------------+----------+-----
Maces & Flails | 4 |  4.1
Fighting       | |  3.9
Dodging        | |  2.4
Stealth        | |  2.1

Action                   || total
-------------------------++-------
Melee: Mace              ||    99
 Stab: Sleeping          ||     7
Armor: Robe              ||    12
       Leather armour    ||    16
Dodge: Dodged            ||    69
